 Dungeon Crawl Stone Soup version 0.30-a0-1075-gcd70e7a56d (webtiles) character file.

Game seed: 15259247587938587663

577 Pimp the Firebug (level 7, -3/36 HPs)
             Began as a Tengu Fire Elementalist on Apr 14, 2023.
             Slain by a black bear (5 damage)
             ... on level 4 of the Dungeon.
             The game lasted 00:08:11 (3855 turns).

Pimp the Firebug (Tengu Fire Elementalist)          Turns: 3855, Time: 00:08:12

Health: -3/36      AC:  3    Str:  8    XL:     7   Next: 35%
Magic:  6/13       EV: 16    Int: 18    God:
Gold:   151        SH:  5    Dex: 14    Spells: 10/13 levels left

rFire   . . .      SeeInvis .    h - +0 short sword (freeze)
rCold   . . .      Faith    .    (no shield)
rNeg    . . .      Spirit   .    a - +0 robe
rPois   .          Reflect  +    (helmet restricted)
rElec   .          Rampage  .    k - +0 cloak
rCorr   .                        (no gloves)
Will    .....                    (boots unavailable)
Stlth   +++                      u - amulet of reflection
HPRegen 0.26/turn                (no ring)
MPRegen 0.13/turn                (no ring)

@: flying quickly and evasively, quick
A: beak, talons 3, nimble flight
a: no special abilities


You were on level 4 of the Dungeon.
You visited 1 branch of the dungeon, and saw 4 of its levels.

You collected 151 gold pieces.

Inventory:

Hand Weapons
 h - a +0 short sword of freezing (weapon)
Armour
 a - a +0 robe (worn)
 k - a +0 cloak (worn)
Jewellery
 s - a ring of willpower
 u - an amulet of reflection (around neck)
Wands
 b - a wand of flame (19)
 l - a wand of roots (11)
Scrolls
 d - 5 scrolls of identify
 j - a scroll of teleportation
 n - a scroll of fog
 o - a scroll of enchant weapon {unknown}
 p - a scroll of enchant armour {unknown}
Potions
 c - a potion of flight
 e - 2 potions of attraction {unknown}
 f - a potion of might {unknown}
 g - a potion of resistance {unknown}
 i - 2 potions of mutation {unknown}
 m - a potion of invisibility {unknown}
 q - a potion of heal wounds {unknown}
 r - a potion of cancellation {unknown}
 t - a potion of curing {unknown}


   Skills:
 + Level 4.3 Dodging
 + Level 4.1 Stealth
 + Level 3.6 Spellcasting
 + Level 4.4 Conjurations
 + Level 4.9 Fire Magic


You had 10 spell levels left.
You knew the following spells:

 Your Spells              Type           Power      Damage    Failure   Level
a - Foxfire               Conj/Fire      80%        2x1d8     2%          1
b - Scorch                Fire           42%        2d7       3%          2

Your spell library contained the following spells:

 Spells                   Type           Power      Damage    Failure   Level
 Apportation              Tloc           6%         N/A       16%         1
 Necrotise                Necr           12%        1d4       16%         1
 Summon Small Mammal      Summ           12%        N/A       16%         1
 Inner Flame              Hex/Fire       12%        N/A       17%         3
 Volatile Blastmotes      Fire/Tloc      24%        2d12      17%         3
 Flame Wave               Conj/Fire      20%        2d7       22%         4
 Tukima's Dance           Hex            3%         N/A       43%         3
 Passage of Golubria      Tloc           3%         N/A       83%         4
 Yara's Violent Unravell  Hex/Tmut       1%         3d3       99%         5
 Enfeeble                 Hex            1%         N/A       100%        7


Dungeon Overview and Level Annotations

Branches:
Dungeon (4/15)
 Temple: D:4-7

Altars:
Xom
Zin

Shops:
D:2 (


Innate Abilities, Weirdness & Mutations

You have a beak for a mouth.
You have claws for feet.
Your magical nature lets you fly swiftly and evasively.


Message History

The black bear is heavily wounded.
Casting: Scorch (safe; 3% risk of failure)
Confirm with . or Enter, or press ? or * to list all spells.
Flames lash the black bear.
The black bear is burned terribly!
The black bear is almost dead.
You block the black bear's attack. The black bear misses you.
The black bear claws you.
You hit the black bear but do no damage.
You peck the black bear, but do no damage.
The black bear is almost dead.
The black bear goes berserk!
You hit the black bear but do no damage.
You claw the black bear. You peck the black bear.
The black bear is almost dead.
The black bear bites you!
The black bear claws you but does no damage.
The black bear completely misses you. The hobgoblin barely misses you.
The black bear bites you. The black bear closely misses you. x2
The black bear attacks as you move away!
The black bear bites you! You block the black bear's attack.
The black bear claws you but does no damage.
The black bear bites you!
* * * LOW HITPOINT WARNING * * *
The black bear claws you.
* * * LOW HITPOINT WARNING * * *
The black bear barely misses you.
There is an open door, spattered with blood here.
Casting: Scorch (safe; 3% risk of failure)
Confirm with . or Enter, or press ? or * to list all spells.
Flames lash the hobgoblin.
You kill the hobgoblin!
You block the black bear's attack. The black bear closely misses you.
The black bear claws you but does no damage.
You closely miss the black bear.
You claw the black bear, but do no damage.
The black bear is almost dead.
The black bear misses you. The black bear claws you.
* * * LOW HITPOINT WARNING * * *
The black bear claws you.
You die...

...........##....###...###
.......#...#...####......###
.......#...#...# ##........#####
.......#...#...# #...........'.##
...............###..........##...
#.............##.....#.....#....
#.............##.........)##....
#.........#####...........#.....
#.........# #@#........##.....
#.........# #h###......#.....#
#†........# #†..###...##......
#.........# #......###.#.......
##.........# #.[......#####.....
...........# .......... ###...
...........# #.......... ###.
...#....#### .....#.....
........# ###..........#


You could see a black bear (berserk, combustible).

Vanquished Creatures
  Grinder (D:3)
  Sigmund (D:3)
  Crazy Yiuf (D:2)
  A hound (D:4)
  Natasha (thrice) (D:2)
  3 adders
  A worm (D:2)
  3 dart slugs
  2 orcs
  9 endoplasms
  2 giant cockroaches
  6 goblins
  10 hobgoblins
  2 jackals (D:3)
  A quokka (D:2)
  7 ball pythons
  5 bats
  3 frilled lizards (D:1)
  5 kobolds
  3 rats (D:1)
69 creatures vanquished.

Vanquished Creatures (others)
  74 foxfires
74 creatures vanquished.

Grand Total: 143 creatures vanquished

Notes
Turn   | Place    | Note
-------+----------+-------------------------------------------
     0 | D:1      | Pimp the Tengu Fire Elementalist began the quest for the
                  | Orb.
     0 | D:1      | Reached XP level 1. HP: 10/10 MP: 4/4
   230 | D:1      | Reached XP level 2. HP: 9/15 MP: 0/6
   376 | D:1      | Learned a level 2 spell: Scorch
   707 | D:1      | Reached XP level 3. HP: 19/19 MP: 2/7
  1366 | D:2      | Found a faded altar of an unknown god.
  1487 | D:2      | Found a runed translucent door.
  1488 | D:2      | Noticed Crazy Yiuf
  1858 | D:2      | Reached XP level 4. HP: 24/24 MP: 8/8
  1860 | D:2      | Noticed Natasha
  1983 | D:2      | Found Axyloun's Weapon Emporium.
  2035 | D:2      | Killed Natasha
  2338 | D:2      | Noticed Natasha
  2343 | D:2      | Killed Natasha
  2344 | D:2      | Gained mutation: Your magical nature lets you fly swiftly
                  | and evasively. [Tengu growth]
  2344 | D:2      | Reached XP level 5. HP: 19/28 MP: 2/10
  2479 | D:2      | Killed Crazy Yiuf
  2500 | D:2      | Noticed Natasha
  2506 | D:2      | Killed Natasha
  2767 | D:3      | Noticed an angel
  2768 | D:3      | Found a shimmering altar of Xom.
  2768 | D:3      | Found a glowing silver altar of Zin.
  2830 | D:3      | Noticed Grinder
  2839 | D:3      | Killed Grinder
  2840 | D:3      | Reached XP level 6. HP: 16/32 MP: 11/11
  2937 | D:3      | Noticed Sigmund
  2954 | D:3      | Killed Sigmund
  2955 | D:3      | Reached XP level 7. HP: 18/36 MP: 3/13
  3855 | D:4      | Slain by a black bear

Illustrated notes

Levels and vault maps discovered:
D:1:      dpeg_arrival_ternary, layout_basic, minmay_tall_x
D:2:      layout_basic, basic_ecumenical_altar, serial_shops, shop,
          hangedman_decor_riveting, grunt_ministairs_15, uniq_natasha,
          uniq_crazy_yiuf_cottage
D:3:      layout_basic, grunt_temple_overflow_order_and_chaos_1, uniq_grinder,
          uniq_sigmund
D:4:      minmay_skewed_foursquare, layout_basic

Skill      XL: |  1  2  3  4  5  6 |
---------------+-------------------+-----
Conjurations   | 2 4 |  4.4
Dodging        | 3 4 |  4.3
Fire Magic     | 4 |  4.9
Stealth        | 3 4 |  4.1
Spellcasting   | 3 |  3.6

Action                     |  1- 3 |  4- 6 |  7- 9 || total
---------------------------+-------+-------+-------++-------
  Melee: Unarmed           |     8 |       |       ||     8
         Short sword       |    23 |     8 |    17 ||    48
         Peck              |     7 |     1 |     3 ||    11
         Kick              |     5 |     1 |     9 ||    15
   Cast: Foxfire           |    34 |     7 |       ||    41
         Scorch            |    26 |    20 |     7 ||    53
    Use: Scroll            |     7 |     1 |       ||     8
         Potion            |       |     1 |       ||     1
   Stab: Sleeping          |     2 |     3 |     1 ||     6
 Armour: Robe              |    17 |     3 |     6 ||    26
  Dodge: Dodged            |    42 |     5 |    16 ||    63
  Block: Other             |       |       |     4 ||     4

Table legend: (Time is in decaauts)
 A = Elapsed time spent in this place.
 B = Non-inter-level travel time spent in this place.
 C = Inter-level travel time spent in this place.
 D = Time resting spent in this place.
 E = Time spent auto-exploring this place.
 F = Levels seen in this place.
 G = Mean time per level.
                   A        B        C        D        E       F      G
               +--------+--------+--------+--------+--------+-----+--------+
         Total |   3751 |   3656 |     95 |    796 |   2151 |   4 |  937.8 |
       Dungeon |   3751 |   3656 |     95 |    796 |   2151 |   4 |  937.8 |
               +--------+--------+--------+--------+--------+-----+--------+

Top non-repeatable levels by time:
     D:2: 1344 daAuts
     D:1: 1274 daAuts
     D:3: 916 daAuts
     D:4: 216 daAuts
